 Dungeon Crawl Stone Soup version 0.21-a0-442-g848f44b (webtiles) character file.

254 KristoblXynda the Sneak (level 5, -3/24 HPs)
             Began as a Spriggan Enchanter on Nov 12, 2017.
             Slain by an ogre
             ... wielding a +0 giant spiked club
              (24 damage)
             ... on level 5 of the Dungeon.
             The game lasted 00:08:13 (4535 turns).

KristoblXynda the Sneak (Spriggan Enchanter)        Turns: 4535, Time: 00:08:13

Health: -3/24      AC:  3    Str:  5    XL:     5   Next: 90%
Magic:  1/13       EV: 21    Int: 17    God:
Gold:   161        SH:  0    Dex: 16    Spells: 7/13 levels left

rFire    . . .     SeeInvis +   o - +1 dagger (curse)
rCold    . . .     Gourm    .   (shield restricted)
rNeg     . . .     Faith    .   b - +0 robe
rPois    .         Spirit   .   (helmet restricted)
rElec    .         Reflect  .   i - +0 cloak
rCorr    .         Harm     .   (gloves unavailable)
MR       .....     Rnd*Tele +   (boots unavailable)
Stlth    ++++......             (no amulet)
HPRegen  0.08/turn              e - +3 ring of evasion
MPRegen  0.13/turn              r - ring of teleportation (curse)

@: very slightly contaminated, very quick
A: unfitting armour, see invisible, herbivore 3, speed 3, slow metabolism 2
a: no special abilities


You were on level 5 of the Dungeon.
You were not hungry.

You visited 1 branch of the dungeon, and saw 5 of its levels.

You collected 161 gold pieces.

Inventory:

Hand Weapons
 o - a cursed +1 dagger (weapon)
Armour
 b - a +0 robe (worn)
 i - a +0 cloak (worn)
Jewellery
 e - a +3 ring of evasion (left hand)
 m - an uncursed ring of protection from cold
 r - a cursed ring of teleportation (right hand)
Wands
 j - a wand of random effects (12/48)
Scrolls
 a - a scroll of blinking
 d - a scroll of teleportation
 g - 3 scrolls of recharging
Potions
 f - 2 potions of lignification
 l - a potion of flight {unknown}
 n - a potion of haste {unknown}
 p - a potion of ambrosia {unknown}
 s - a potion of curing
Books
 c - a book of Maledictions

   Spells                             Type                      Level
   a - Corona                         Hexes                        1
   b - Ensorcelled Hibernation        Hexes/Ice                    2
   c - Confuse                        Hexes                        3
   d - Tukima's Dance                 Hexes                        3
   e - Dazzling Spray                 Conjuration/Hexes            3
Comestibles
 h - a royal jelly
 k - 2 bread rations


   Skills:
 - Level 1.1 Short Blades
 - Level 3.0 Dodging
 + Level 7.0 Stealth
 + Level 4.8 Spellcasting
 + Level 5.4 Hexes


You had 7 spell levels left.
You knew the following spells:

 Your Spells              Type           Power        Failure   Level  Hunger
a - Corona                Hex            ###....      1%          1    None
b - Ensorcelled Hibernat  Hex/Ice        ##....       7%          2    #......
c - Confuse               Hex            ###.....     4%          3    ###....


Dungeon Overview and Level Annotations

Branches:
Dungeon (5/15)
 Temple: D:4-7

Altars:
Qazlal
Ru


Innate Abilities, Weirdness & Mutations

You are very small and have problems with some larger weapons.
You are too small for most types of armour.
You have supernaturally acute eyesight. (SInv)
You are a herbivore.
You cover ground extremely quickly.
You need consume almost no food.


Message History

Aim: an ogre, wielding a giant spiked club (lightly wounded, chance to defeat MR: 51%)
The ogre resists with significant effort.
The ogre barely misses you.
Casting: Confuse
Confirm with . or Enter, or press ? or * to list all spells.
Aiming: Confuse
Press: ? - help, Shift-Dir - straight line, f/p - ogre
Aim: an ogre, wielding a giant spiked club (lightly wounded, chance to defeat MR: 51%)
The ogre resists with significant effort.
Casting: Confuse
Confirm with . or Enter, or press ? or * to list all spells.
Aiming: Confuse
Press: ? - help, Shift-Dir - straight line, f/p - ogre
Aim: an ogre, wielding a giant spiked club (lightly wounded, chance to defeat MR: 51%)
You miscast Confuse.
You are very lightly contaminated with residual magic.
Multicoloured lights dance before your eyes!
The ogre hits you with a giant spiked club!!
Ouch! That really hurt!
You die...

................##......
...).<....#.....##.....
..........#......#.....
..........#......##... #+##
..........####...##..#
#§.≈### ..........#
#...##..##≈≈.§≈§# ..........#
#...##..#≈≈⌠$⌠§.# ..........#
#...##..'...(§§≈+ ##........#
#..@Oa..#§§§.⌠≈##
.#........#########.###§≈.≈≈#
................ .....
#≈.≈#.> #.###.....#.###
####### #+## . ........#.#.#
##.####.#.#.# ##..# #.#.#.#
###.###(#)#.# ###..##.#.#.#


You could see an ogre and a worker ant.

Vanquished Creatures
  Crazy Yiuf (D:2)
  A centaur skeleton (D:4)
  Jessica (D:2)
  Terence (D:3)
  A worker ant (D:4)
  3 adders
  3 gnolls
  2 worms
  A leopard gecko (D:2)
  4 orcs
  8 hobgoblins
  4 jackals (D:1)
  A quokka (D:2)
  A ball python (D:5)
  4 bats
  9 frilled lizards
  5 goblins
  4 kobolds
  7 rats
  A fungus (D:2)
62 creatures vanquished.

Vanquished Creatures (others)
  4 fungi (D:4)
4 creatures vanquished.

Grand Total: 66 creatures vanquished

Notes
Turn   | Place    | Note
-------+----------+-------------------------------------------
     0 | D:1      | KristoblXynda the Spriggan Enchanter began the quest for the Orb.
     0 | D:1      | Reached XP level 1. HP: 9/9 MP: 5/5
   296 | D:1      | Reached XP level 2. HP: 11/13 MP: 7/7
   300 | D:1      | Learned a level 2 spell: Ensorcelled Hibernation
   450 | D:1      | Reached skill level 5 in Stealth
   928 | D:1      | Reached XP level 3. HP: 16/16 MP: 5/8
  1007 | D:1      | Learned a level 3 spell: Confuse
  1063 | D:2      | Noticed Jessica
  1078 | D:2      | Killed Jessica
  1078 | D:2      | Reached XP level 4. HP: 17/21 MP: 8/10
  1765 | D:2      | Reached skill level 6 in Stealth
  1986 | D:2      | Found a runed door.
  1990 | D:2      | Noticed Crazy Yiuf
  2020 | D:2      | Killed Crazy Yiuf
  2020 | D:2      | Reached skill level 5 in Hexes
  2020 | D:2      | Reached XP level 5. HP: 24/24 MP: 2/12
  2224 | D:3      | Noticed Terence
  2225 | D:3      | Killed Terence
  2580 | D:3      | Found a sacrificial altar of Ru.
  3295 | D:4      | Noticed a phantom
  4131 | D:5      | Entered Level 5 of the Dungeon
  4168 | D:5      | Found a stormy altar of Qazlal.
  4342 | D:5      | Reached skill level 7 in Stealth
  4519 | D:5      | Noticed an ogre
  4535 | D:5      | Slain by an ogre

Vault maps used:
D:1:      lemuel_arrival_rhombus
D:2:      uniq_jessica, uniq_crazy_yiuf_cottage
D:3:      nicolae_ru_sacrificial_ziggurat, uniq_terence
D:4:      serial_aquarium, aquarium_bridge_long_separate, aquarium_window_2,
          aquarium_window_1, aquarium_view_2c, aquarium_balcony_1b, first_bread
D:5:      nicolae_qazlal_general_emergency, gammafunk_temple_overflow_wave,
          kennysheep_small_circle

Skill      XL: |  1  2  3  4  5 |
---------------+----------------+-----
Spellcasting   | 3 4 |  4.8
Hexes          | 4 5 |  5.4
Stealth        | 5 6 7 |  7.0
Short Blades   | |  1.1
Dodging        | |  3.0

Action                   |  1- 3 |  4- 6 || total
-------------------------+-------+-------++-------
Melee: Dagger            |   102 |   191 ||   293
 Cast: Ensorcelled Hiber |     8 |    21 ||    29
       Confuse           |       |    13 ||    13
  Use: Scroll            |     2 |     8 ||    10
 Stab: Sleeping          |    12 |    15 ||    27
       Distracted        |     1 |       ||     1
       Confused          |       |     8 ||     8
  Eat: Bread ration      |       |     1 ||     1
Armor: Robe              |    13 |     6 ||    19
Dodge: Dodged            |    88 |   107 ||   195

Table legend:
 A = Spawn XP
 B = Non-spawn XP
 C = Spawn XP percentage of total XP
 D = Spawn monster count
 E = Non-spawn monster count
 F = Spawn count percentage of total count
 G = Total turns spent on level
                    A         B        C        D         E        F      G
               +---------+---------+-------+---------+---------+-------+---------
         Total |       0 |     363 |   0.0 |       0 |      61 |   0.0 |  4535
               +---------+---------+-------+---------+---------+-------+---------
           D:1 |       0 |      62 |   0.0 |       0 |      25 |   0.0 |  1019
           D:2 |       0 |     139 |   0.0 |       0 |      21 |   0.0 |  1205
           D:3 |       0 |      58 |   0.0 |       0 |       7 |   0.0 |   914
           D:4 |       0 |      81 |   0.0 |       0 |       3 |   0.0 |   993
           D:5 |       0 |      23 |   0.0 |       0 |       5 |   0.0 |   404
               +---------+---------+-------+---------+---------+-------+---------
